PBL
NEW JERSEY DEVILS @ HAMILTON CARDINALS
08/14/2048
 
TOP OF THE 1ST
New Jersey Devils batting - Pitching for Hamilton Cardinals : RHP Ryan Zart
Pitching: RHP Ryan Zart
Batting: LHB Randolph Brodbeck 0-0: Called Strike
0-1: Ground out 6-3 (Groundball, 6, EV 85.6 MPH)
Batting: RHB Sergio Andrada 0-0: Bunt missed!
0-1: Foul Ball, location: 2F
0-2: Ball
1-2: Ball
2-2: Foul Ball, location: 2F
2-2: Strikes out swinging
Batting: RHB Warren Carmichael 0-0: Ground out 6-3 (Groundball, 6S, EV 85.0 MPH)
Top of the 1st over - 0 runs, 0 hits, 0 errors, 0 left on base; New Jersey 0 - Hamilton 0
BOTTOM OF THE 1ST
Hamilton Cardinals batting - Pitching for New Jersey Devils : RHP Nick Rutscher
Pitching: RHP Nick Rutscher
Batting: SHB Kelly Brooks 0-0: Ball
1-0: Swinging Strike
1-1: Ball
2-1: Swinging Strike
2-2: Ball
3-2: Foul Ball, location: 2F
3-2: Fly out, F8 (Flyball, 89M, EV 90.6 MPH)
Batting: LHB Rafael Banda 0-0: Ball
1-0: Ball
2-0: Ball
3-0: Called Strike
3-1: Foul Ball, location: 2F
3-2: Ground out U3 (Groundball, 34S, EV 92.5 MPH)
Batting: SHB J.T. Ready 0-0: Ball
1-0: Ball
2-0: Called Strike
2-1: Ball
3-1: Base on Balls
Batting: RHB Kyle Franken 0-0: Called Strike
0-1: Ball
1-1: Foul Ball, location: 2F
1-2: Ball
2-2: Ball
3-2: 2-RUN HOME RUN (Flyball, 78XD, EV 109.4 MPH), Distance : 413 ft
Batting: LHB Pete Mitchell 0-0: Ball
1-0: Swinging Strike
1-1: Swinging Strike
1-2: Ground out 6-3 (Groundball, 6MS, EV 63.8 MPH)
Bottom of the 1st over - 2 runs, 1 hit, 0 errors, 0 left on base; New Jersey 0 - Hamilton 2
TOP OF THE 2ND
New Jersey Devils batting - Pitching for Hamilton Cardinals : RHP Ryan Zart
Batting: RHB Jacob Olander 0-0: Called Strike
0-1: Foul Ball, location: 2F
0-2: Ball
1-2: Ball
2-2: Fly out, F9 (Flyball, 9S, EV 76.2 MPH)
Batting: RHB Craig Alvarado 0-0: Called Strike
0-1: Ball
1-1: Swinging Strike
1-2: SINGLE (Line Drive, 78M, EV 109.4 MPH)
Batting: SHB Ernesto Mazas 0-0: Called Strike
0-1: Swinging Strike
0-2: Strikes out swinging
Batting: RHB Oscar Ramirez 0-0: Ball
1-0: Called Strike
Craig Alvarado is caught stealing 2nd base 2-4
Top of the 2nd over - 0 runs, 1 hit, 0 errors, 0 left on base; New Jersey 0 - Hamilton 2
BOTTOM OF THE 2ND
Hamilton Cardinals batting - Pitching for New Jersey Devils : RHP Nick Rutscher
Batting: RHB Dan Wages 0-0: Swinging Strike
0-1: Called Strike
0-2: Strikes out looking
Batting: SHB Brad Meyer 0-0: Swinging Strike
0-1: Ball
1-1: Foul Ball, location: 2F
1-2: SOLO HOME RUN (Flyball, 7LD, EV 97.5 MPH), Distance : 353 ft
Batting: SHB Felipe Campanella 0-0: Called Strike
0-1: Swinging Strike
0-2: Ball
1-2: Ball
2-2: Strikes out swinging
Batting: RHB Oscar Higareda 0-0: Called Strike
0-1: Foul Ball, location: 2F
0-2: Ball
1-2: Fly out, F2 (Popup, 23F, EV 88.1 MPH)
Bottom of the 2nd over - 1 run, 1 hit, 0 errors, 0 left on base; New Jersey 0 - Hamilton 3
TOP OF THE 3RD
New Jersey Devils batting - Pitching for Hamilton Cardinals : RHP Ryan Zart
Batting: RHB Oscar Ramirez 0-0: Called Strike
0-1: Ball
1-1: Foul Ball, location: 2F
1-2: SINGLE (Groundball, 6MD, EV 105.6 MPH)
Batting: RHB Carlos Saldivar 0-0: Called Strike
0-1: Swinging Strike
0-2: Strikes out swinging
Batting: RHB Brian Jones 0-0: Ball
1-0: Called Strike
1-1: Ball
2-1: Swinging Strike
2-2: Strikes out swinging
Batting: LHB Randolph Brodbeck 0-0: Ball
Oscar Ramirez steals 2nd base
1-0: Ball
2-0: Reached via error on a dropped throw from 1B, E1 (Groundball, 34, EV 89.4 MPH)
Oscar Ramirez to third
Batting: RHB Sergio Andrada 0-0: Fly out, F8 (Flyball, 8LM, EV 86.9 MPH)
Top of the 3rd over - 0 runs, 1 hit, 1 error, 2 left on base; New Jersey 0 - Hamilton 3
BOTTOM OF THE 3RD
Hamilton Cardinals batting - Pitching for New Jersey Devils : RHP Nick Rutscher
Batting: SHB Kelly Brooks 0-0: Ball
1-0: Fly out, F7 (Flyball, 7S, EV 87.5 MPH)
Batting: LHB Rafael Banda 0-0: Called Strike
0-1: Foul Ball, location: 2F
0-2: Ball
1-2: Ball
2-2: Strikes out swinging
Batting: SHB J.T. Ready 0-0: Called Strike
0-1: Foul Ball, location: 2F
0-2: Fly out, F8 (Flyball, 8LM, EV 96.2 MPH)
Bottom of the 3rd over - 0 runs, 0 hits, 0 errors, 0 left on base; New Jersey 0 - Hamilton 3
TOP OF THE 4TH
New Jersey Devils batting - Pitching for Hamilton Cardinals : RHP Ryan Zart
Batting: RHB Warren Carmichael 0-0: Foul Ball, location: 2F
0-1: Called Strike
0-2: Fly out, F8 (Flyball, 8RM, EV 91.9 MPH)
Batting: RHB Jacob Olander 0-0: Ball
1-0: Called Strike
1-1: Called Strike
1-2: Strikes out looking
Batting: RHB Craig Alvarado 0-0: Foul Ball, location: 2F
0-1: Ball
1-1: Ball
2-1: SINGLE (Groundball, 56D, EV 101.2 MPH)
Batting: SHB Ernesto Mazas 0-0: Called Strike
Craig Alvarado steals 2nd base
0-1: Ball
1-1: Foul Ball, location: 2F
1-2: Ball
2-2: Foul Ball, location: 2F
2-2: Foul Ball, location: 2F
2-2: Ball
3-2: Foul Ball, location: 2F
3-2: Foul Ball, location: 2F
3-2: Foul Ball, location: 2F
3-2: SINGLE (Groundball, 34D, EV 101.2 MPH)
Craig Alvarado to third
Runner from 3rd tries for Home, SAFE, throw by RF to home
Batting: RHB Oscar Ramirez 0-0: Called Strike
Ernesto Mazas steals 2nd base
0-1: Swinging Strike
0-2: Ball
1-2: Strikes out swinging
Top of the 4th over - 1 run, 2 hits, 0 errors, 1 left on base; New Jersey 1 - Hamilton 3
BOTTOM OF THE 4TH
Hamilton Cardinals batting - Pitching for New Jersey Devils : RHP Nick Rutscher
Batting: RHB Kyle Franken 0-0: Ball
1-0: Foul Ball, location: 2F
1-1: Called Strike
1-2: Ball
2-2: Foul Ball, location: 2F
2-2: SINGLE (Flyball, 56D, EV 82.5 MPH)
Batting: LHB Pete Mitchell 0-0: Ball
1-0: Fly out, F9 (Line Drive, 9S, EV 95.0 MPH)
Batting: RHB Dan Wages 0-0: Ball
1-0: Ball
2-0: Ball
3-0: Base on Balls
Kyle Franken to second
Batting: SHB Brad Meyer 0-0: Ball
1-0: Fly out, F7 (Flyball, 7LD, EV 85.6 MPH)
Batting: SHB Felipe Campanella 0-0: Ball
1-0: Ball
2-0: Swinging Strike
2-1: Foul Ball, location: 2F
2-2: Strikes out looking
Bottom of the 4th over - 0 runs, 1 hit, 0 errors, 2 left on base; New Jersey 1 - Hamilton 3
TOP OF THE 5TH
New Jersey Devils batting - Pitching for Hamilton Cardinals : RHP Ryan Zart
Batting: RHB Carlos Saldivar 0-0: Ball
1-0: Ball
2-0: Called Strike
2-1: Swinging Strike
2-2: Fly out, F8 (Flyball, 8RM, EV 83.1 MPH)
Batting: RHB Brian Jones 0-0: Foul Ball, location: 2F
0-1: Foul Ball, location: 2F
0-2: Ball
1-2: Strikes out looking
Batting: LHB Randolph Brodbeck 0-0: Foul Ball, location: 2F
0-1: Ball
1-1: Ground out 4-3 (Groundball, 4, EV 98.8 MPH)
Top of the 5th over - 0 runs, 0 hits, 0 errors, 0 left on base; New Jersey 1 - Hamilton 3
BOTTOM OF THE 5TH
Hamilton Cardinals batting - Pitching for New Jersey Devils : RHP Nick Rutscher
Batting: RHB Oscar Higareda 0-0: Ball
1-0: Reached on error, E5 (Groundball, 5, EV 90.0 MPH)
Batting: SHB Kelly Brooks 0-0: Swinging Strike
0-1: 2-RUN HOME RUN (Flyball, 7D, EV 92.5 MPH), Distance : 361 ft
Batting: LHB Rafael Banda 0-0: Ball
1-0: Foul Ball, location: 2F
1-1: Foul Ball, location: 2F
1-2: Strikes out looking
Batting: SHB J.T. Ready 0-0: Ball
1-0: Ball
2-0: Ball
3-0: Called Strike
3-1: Called Strike
3-2: SINGLE (Groundball, 5S, EV 67.5 MPH) (infield hit)
Batting: RHB Kyle Franken 0-0: Ball
1-0: Ball
2-0: Called Strike
2-1: Swinging Strike
2-2: Foul Ball, location: 2F
2-2: Foul Ball, location: 2F
2-2: Foul Ball, location: 2F
2-2: Ball
3-2: Foul Ball, location: 2F
3-2: Foul Ball, location: 2F
3-2: Foul Ball, location: 2F
3-2: Fly out, F7 (Line Drive, 7, EV 85.0 MPH)
Batting: LHB Pete Mitchell 0-0: Ball
1-0: Ball
2-0: SINGLE (Groundball, 34D, EV 104.4 MPH)
J.T. Ready to second
Runner from 2nd tries for 3rd, SAFE, no throw by RF
Batting: RHB Dan Wages 0-0: Ball
1-0: Fly out, F4 (Popup, 34, EV 75.0 MPH)
Bottom of the 5th over - 2 runs, 3 hits, 1 error, 2 left on base; New Jersey 1 - Hamilton 5
TOP OF THE 6TH
New Jersey Devils batting - Pitching for Hamilton Cardinals : RHP Ryan Zart
Batting: RHB Sergio Andrada 0-0: Called Strike
0-1: Ball
1-1: Ball
2-1: Fly out, F7 (Flyball, 7, EV 93.8 MPH)
Pitching: RHP Corey Shelton
Batting: RHB Warren Carmichael 0-0: Called Strike
0-1: Ball
1-1: Ball
2-1: SINGLE (Line Drive, 3D, EV 93.8 MPH)
Batting: RHB Jacob Olander 0-0: Called Strike
0-1: Ball
1-1: Swinging Strike
1-2: Ball
2-2: Ball
3-2: Fielders Choice at 2nd, 6-4 (Groundball, 6, EV 91.2 MPH)
Batting: RHB Craig Alvarado 0-0: Called Strike
0-1: Called Strike
0-2: Ball
1-2: Ball
2-2: Strikes out swinging
Top of the 6th over - 0 runs, 1 hit, 0 errors, 1 left on base; New Jersey 1 - Hamilton 5
BOTTOM OF THE 6TH
Hamilton Cardinals batting - Pitching for New Jersey Devils : RHP Nick Rutscher
Batting: SHB Brad Meyer 0-0: Ball
1-0: Called Strike
1-1: Called Strike
1-2: Ball
2-2: Strikes out looking
Batting: SHB Felipe Campanella 0-0: Ball
1-0: Ball
2-0: Called Strike
2-1: Ball
3-1: Base on Balls
Pitching: RHP Antonio Reyes
Batting: RHB Oscar Higareda 0-0: Ball
1-0: Called Strike
Pickoff Throw to First - Out! 1-3
1-1: Ground out 3-1 (Groundball, 34, EV 85.6 MPH)
Bottom of the 6th over - 0 runs, 0 hits, 0 errors, 0 left on base; New Jersey 1 - Hamilton 5
TOP OF THE 7TH
New Jersey Devils batting - Pitching for Hamilton Cardinals : RHP Corey Shelton
Batting: SHB Ernesto Mazas 0-0: Called Strike
0-1: Foul Ball, location: 2F
0-2: Ball
1-2: Foul Ball, location: 2F
1-2: Ball
2-2: Strikes out swinging
Batting: RHB Oscar Ramirez 0-0: Foul Ball, location: 2F
0-1: Foul Ball, location: 2F
0-2: Ball
1-2: Foul Ball, location: 2F
1-2: Foul Ball, location: 2F
1-2: Ball
2-2: Ball
3-2: Base on Balls
Batting: RHB Carlos Saldivar 0-0: Foul Ball, location: 2F
0-1: Ball
1-1: Foul Ball, location: 2F
1-2: Grounds into double play, 6-4-3 (Groundball, 6, EV 80.0 MPH)
Top of the 7th over - 0 runs, 0 hits, 0 errors, 0 left on base; New Jersey 1 - Hamilton 5
BOTTOM OF THE 7TH
Hamilton Cardinals batting - Pitching for New Jersey Devils : RHP Antonio Reyes
Batting: SHB Kelly Brooks 0-0: Ball
1-0: Ball
2-0: Swinging Strike
2-1: SINGLE (Flyball, 3D, EV 88.8 MPH)
Batting: LHB Rafael Banda 0-0: Ball
1-0: Called Strike
1-1: Foul Ball, location: 2F
1-2: Foul Ball, location: 2F
1-2: Ball
2-2: SINGLE (Line Drive, 89S, EV 103.8 MPH)
Kelly Brooks to second
Batting: SHB J.T. Ready 0-0: Called Strike
0-1: Ball
1-1: Called Strike
1-2: Strikes out swinging
Batting: RHB Kyle Franken 0-0: Ball
1-0: Foul Ball, location: 2F
1-1: Foul Ball, location: 2F
1-2: Ball
2-2: Ball
3-2: Foul Ball, location: 2F
3-2: Fly out, F8 (Flyball, 8RXD, EV 99.4 MPH)
Runner from 2nd tags up, SAFE at 3rd, no throw by CF
Batting: LHB Pete Mitchell 0-0: Foul Ball, location: 2F
0-1: Fly out, F8 (Flyball, 8RD, EV 94.4 MPH)
Bottom of the 7th over - 0 runs, 2 hits, 0 errors, 2 left on base; New Jersey 1 - Hamilton 5
TOP OF THE 8TH
New Jersey Devils batting - Pitching for Hamilton Cardinals : RHP Corey Shelton
Batting: RHB Brian Jones 0-0: Ball
1-0: Ball
2-0: Ball
3-0: Called Strike
3-1: Called Strike
3-2: Strikes out swinging
Batting: LHB Randolph Brodbeck 0-0: Called Strike
0-1: Called Strike
0-2: Strikes out swinging
Batting: RHB Sergio Andrada 0-0: Fly out, F6 (Popup, 6, EV 61.9 MPH)
Top of the 8th over - 0 runs, 0 hits, 0 errors, 0 left on base; New Jersey 1 - Hamilton 5
BOTTOM OF THE 8TH
Hamilton Cardinals batting - Pitching for New Jersey Devils : RHP Antonio Reyes
Batting: RHB Dan Wages 0-0: Called Strike
0-1: Fly out, F7 (Flyball, 78S, EV 86.9 MPH)
Batting: SHB Brad Meyer 0-0: Swinging Strike
0-1: Called Strike
0-2: Ball
1-2: Ball
2-2: Foul Ball, location: 2F
2-2: Ball
3-2: Foul Ball, location: 2F
3-2: Base on Balls
Batting: SHB Felipe Campanella 0-0: Grounds into double play, 4-6-3 (Groundball, 4, EV 105.0 MPH)
Bottom of the 8th over - 0 runs, 0 hits, 0 errors, 0 left on base; New Jersey 1 - Hamilton 5
TOP OF THE 9TH
New Jersey Devils batting - Pitching for Hamilton Cardinals : RHP Corey Shelton
Pitching: RHP Morgan Phang
Batting: RHB Warren Carmichael 0-0: Ball
1-0: Called Strike
1-1: Foul Ball, location: 2F
1-2: Strikes out swinging
Batting: RHB Jacob Olander 0-0: Called Strike
0-1: Foul Ball, location: 2F
0-2: Ball
1-2: Strikes out swinging
Batting: RHB Craig Alvarado 0-0: Ball
1-0: Ball
2-0: Ball
3-0: Called Strike
3-1: Called Strike
3-2: Strikes out swinging
Top of the 9th over - 0 runs, 0 hits, 0 errors, 0 left on base; New Jersey 1 - Hamilton 5
Tuesday, March 28th , 2023 - OOTP Baseball 23.10 Build 110